 Dungeon Crawl Stone Soup version 0.29-a0-1027-gcd8c55af63 (webtiles) character file.

Game seed: 4085598515015761328

198 xian the Shooter (level 5, 0/26 HPs)
             Began as a Spriggan Hunter on Aug 13, 2022.
             Was an Initiate of Gozag.
             Killed from afar by a white imp (10 damage)
             ... with a puff of frost
             ... on level 4 of the Dungeon.
             The game lasted 00:07:37 (2885 turns).

xian the Shooter (Spriggan Hunter)                  Turns: 2885, Time: 00:07:38

Health: 0/26       AC:  2    Str:  7    XL:     5   Next: 47%
Magic:  6/6        EV: 18    Int: 11    God:    Gozag
Gold:   850        SH:  0    Dex: 20    Spells: 4/4 levels left

rFire   . . .      SeeInvis +   a - +0 shortbow
rCold   . . .      Faith    .   (shield currently unavailable)
rNeg    . . .      Spirit   .   c - +0 robe
rPois   .          Reflect  .   (helmet restricted)
rElec   .          Harm     .   (no cloak)
rCorr   .          Rampage  .   (gloves unavailable)
Will    +....                   (boots unavailable)
Stlth   ++........              (no amulet)
HPRegen 0.08/turn               o - ring of willpower
MPRegen 0.10/turn               (no ring)

@: very quick
A: very small, no large weapons, unfitting armour, see invisible, speed 3
a: Renounce Religion, Potion Petition, Call Merchant, Bribe Branch


You were on level 4 of the Dungeon.
You worshipped Gozag.
Gozag was pleased with you.
You visited 1 branch of the dungeon, and saw 4 of its levels.

You collected 1220 gold pieces.
You spent 370 gold pieces at shops.

Inventory:

Hand Weapons
 a - a +0 shortbow (weapon)
 g - a +4 quick blade
 i - the +1 whip "Cedwitz" {holy, SInv}
   (You found it on level 2 of the Dungeon)

   It has been blessed by the Shining One to cause great damage to the undead
   and demons.
   SInv:      It lets you see invisible.
Armour
 c - a +0 robe (worn)
Jewellery
 o - a ring of willpower (left hand)
Scrolls
 b - 2 scrolls of immolation
 f - 2 scrolls of fear
 j - a scroll of amnesia
 k - a scroll of butterflies {unknown}
 m - a scroll of torment {unknown}
 p - a scroll of vulnerability {unknown}
Potions
 d - 3 potions of curing
 e - 2 potions of flight
 h - 2 potions of haste
 l - a potion of might {unknown}
 n - 3 potions of brilliance


   Skills:
 + Level 2.1 Fighting
 + Level 6.5 Ranged Weapons
 + Level 2.8 Dodging
 + Level 1.7 Stealth


You had 4 spell levels left.
You didn't know any spells.
Your spell library contained the following spells:

 Spells                   Type           Power      Damage    Failure   Level
 Freeze                   Ice            0%         1d3       34%         1
 Call Canine Familiar     Summ           0%         N/A       71%         3
 Frozen Ramparts          Ice            0%         1d1       71%         3
 Portal Projectile        Hex/Tloc       0%         N/A       71%         3
 Hailstorm                Conj/Ice       0%         3d3       98%         4
 Leda's Liquefaction      Hex/Erth       0%         N/A       98%         4


Dungeon Overview and Level Annotations

Branches:
Dungeon (4/15)
 Temple: D:4-7

Altars:
Elyvilon
Gozag
Hepliaklqana

Shops:
D:2 (


Innate Abilities, Weirdness & Mutations

You are very small and have problems with some larger weapons.
You are too small for most types of armour.
You have supernaturally acute eyesight. (SInv)
You cover ground extremely quickly. (Speed+++)


Message History

The white imp gestures at you. The puff of frost misses you.
The iguana misses you.
You shoot an arrow. The arrow barely misses the iguana.
The iguana barely misses you.
You shoot an arrow. The arrow hits the iguana!
The iguana is almost dead.
The iguana bites you. The white imp misses you.
You shoot an arrow. The arrow closely misses the iguana.
The iguana bites you. The white imp barely misses you.
You are too injured to fight recklessly!
You are too injured to fight recklessly!
You are too injured to fight recklessly!
You are too injured to fight recklessly!
You are too injured to fight recklessly!
You are too injured to fight recklessly!
Fire: a) +0 shortbow
Press: ? - help, Q - select action, (/) - cycle Shift-Dir - straight line, f/p - iguana
Aim: an iguana (almost dead, 69% to hit)
You shoot an arrow. The arrow hits the white imp.
The white imp is moderately wounded.
The white imp gestures at you. The puff of frost misses you.
Fire: a) +0 shortbow
Press: ? - help, Q - select action, (/) - cycle Shift-Dir - straight line, f/p - iguana
Aim: an iguana (almost dead, 69% to hit)
You shoot an arrow. The arrow hits the white imp.
The white imp is heavily wounded.
The white imp closely misses you.
Unknown command.
There is a stone staircase leading up here.
Fire: a) +0 shortbow
Press: ? - help, Q - select action, (/) - cycle Shift-Dir - straight line, f/p - iguana
Aim: an iguana (almost dead, 69% to hit)
You shoot an arrow. The arrow hits the white imp.
The white imp is almost dead.
The white imp shouts, "Submit, thou fulsome weather-bitten erk!"
The white imp gestures at you. The puff of frost hits you!
You die...
Your body crumbles into a pile of gold.

##.#. ...
.... ..
###..##.#.#.
#....$$.....
#.# #l# #5#
#.## #.@#
####


You could see an iguana and a white imp.

Vanquished Creatures
  A howler monkey (D:4)
  An orc wizard (D:3)
  Terence (D:2)
  4 adders
  A worm (D:3)
  2 dart slugs
  3 orcs (D:3)
  4 bats
  11 endoplasms
  A giant cockroach (D:1)
  3 goblins
  3 hobgoblins
  6 jackals (D:1)
  6 kobolds
  3 quokkas
  7 ball pythons
  4 frilled lizards
  3 rats
64 creatures vanquished.

Vanquished Creatures (others)
  A plant (D:3)
1 creature vanquished.

Grand Total: 65 creatures vanquished

Notes
Turn   | Place    | Note
-------+----------+-------------------------------------------
     0 | D:1      | xian the Spriggan Hunter began the quest for the Orb.
     0 | D:1      | Reached XP level 1. HP: 10/10 MP: 2/2
    81 | D:1      | Found a faded altar of an unknown god.
   105 | D:1      | Prayed at the altar of an unknown god.
   105 | D:1      | Became a worshipper of Gozag Ym Sagoz the Greedy
   122 | D:1      | Reached XP level 2. HP: 11/14 MP: 3/3
   725 | D:1      | Reached XP level 3. HP: 18/18 MP: 4/4
   828 | D:1      | Reached skill level 5 in Ranged Weapons
  1079 | D:2      | Found Woto's Weapon Emporium.
  1150 | D:2      | Reached XP level 4. HP: 23/23 MP: 5/5
  1233 | D:2      | Identified the +1 whip "Cedwitz" {holy, SInv}
  1297 | D:2      | Noticed Terence
  1304 | D:2      | Killed Terence
  1362 | D:2      | Identified a scroll of acquirement
  1367 | D:2      | Acquired 751 gold pieces
  1690 | D:2      | Bought a +4 quick blade for 370 gold pieces
  2147 | D:3      | Found a hazy altar of Hepliaklqana.
  2223 | D:3      | Reached skill level 6 in Ranged Weapons
  2223 | D:3      | Reached XP level 5. HP: 26/26 MP: 6/6
  2350 | D:3      | Found a white marble altar of Elyvilon.
  2885 | D:4      | Killed from afar by a white imp

Illustrated notes

Levels and vault maps discovered:
D:1:      minmay_arrival_split_and_join, layout_rooms,
          hellmonk_ecumenical_altar_heavens_door, minmay_circled_x
D:2:      layout_rooms, serial_shops, nicolae_shop_advertising_works
          [nicolae_subvault_shop_adworks], minmay_pentomino_s2, uniq_terence
D:3:      layout_loops_corners, mainiacjoe_overflow_boulevard,
          nicolae_hepliaklqana_hazy_memory, minmay_misc_feat_x,
          minmay_hedge_maze, st_stairs_5
D:4:      layout_basic, grunt_temple_overflow_open, overflow_temple_1_default,
          uniq_natasha

Skill      XL: |  1  2  3  4 |
---------------+-------------+-----
Ranged Weapons | 5 6 |  6.5
Fighting       | 2 |  2.1
Dodging        | |  2.8
Stealth        | |  1.7

Action                   |  1- 3 |  4- 6 || total
-------------------------+-------+-------++-------
 Fire: Shortbow          |    94 |    90 ||   184
  Use: Scroll            |       |     8 ||     8
Armor: Robe              |     4 |       ||     4
Dodge: Dodged            |    18 |    38 ||    56

Table legend: (Time is in decaauts)
 A = Elapsed time spent in this place.
 B = Non-inter-level travel time spent in this place.
 C = Inter-level travel time spent in this place.
 D = Time resting spent in this place.
 E = Time spent auto-exploring this place.
 F = Levels seen in this place.
 G = Mean time per level.
                   A        B        C        D        E       F      G
               +--------+--------+--------+--------+--------+-----+--------+
         Total |   2120 |   2061 |     59 |      0 |   1683 |   4 |  530.0 |
       Dungeon |   2120 |   2061 |     59 |      0 |   1683 |   4 |  530.0 |
               +--------+--------+--------+--------+--------+-----+--------+

Top non-repeatable levels by time:
     D:1: 826 daAuts
     D:3: 790 daAuts
     D:2: 466 daAuts
     D:4: 36 daAuts
